| TOP OF THE 1ST |
|
Durham Bulls batting - Pitching for Rochester Red Wings : RHP Mike Moon
|
|
Pitching: RHP Mike Moon
|
|
|
Batting: LHB Darryl Gonnella
|
0-0: Ball 1-0: Ball 2-0: Swinging Strike 2-1: Swinging Strike 2-2: Strikes out swinging
|
|
Batting: RHB Alex Diaz
|
0-0: Ball 1-0: Fly out, F8 (Flyball, 8RM, EV 94.4 MPH)
|
|
Batting: LHB Eric Toney
|
0-0: Ball 1-0: Ball 2-0: Ball 3-0: Called Strike 3-1: Foul Ball, location: 2F 3-2: Fly out, F8 (Line Drive, 8LD, EV 96.2 MPH)
|
| Top of the 1st over - 0 runs, 0 hits, 0 errors, 0 left on base; Durham 0 - Rochester 0 |
| BOTTOM OF THE 1ST |
|
Rochester Red Wings batting - Pitching for Durham Bulls : RHP Larry Bower
|
|
Pitching: RHP Larry Bower
|
|
|
Batting: LHB Jon Ventura
|
0-0: Called Strike 0-1: Ball 1-1: Ball 2-1: Ground out 4-3 (Groundball, 4M, EV 88.1 MPH)
|
|
Batting: SHB Ian Thompson
|
0-0: Swinging Strike 0-1: Ball 1-1: Foul Ball, location: 2F 1-2: Foul Ball, location: 2F 1-2: Foul Ball, location: 2F 1-2: SINGLE (Groundball, 34D, EV 99.4 MPH)
|
|
Batting: RHB Leo Gonzalez
|
0-0: Ball 1-0: Ball 2-0: Ball 3-0: Base on Balls Ian Thompson to second
|
|
Batting: RHB Colin Boddy
|
0-0: Ball 1-0: Foul Ball, location: 2F 1-1: Fly out, F3 (Popup, 3SF, EV 73.1 MPH)
|
|
Batting: LHB Chaim Huting
|
0-0: Ball 1-0: Foul Ball, location: 2F 1-1: Ball 2-1: Fly out, F6 (Line Drive, 6M, EV 68.1 MPH)
|
| Bottom of the 1st over - 0 runs, 1 hit, 0 errors, 2 left on base; Durham 0 - Rochester 0 |
| TOP OF THE 2ND |
|
Durham Bulls batting - Pitching for Rochester Red Wings : RHP Mike Moon
|
|
Batting: RHB David Ward
|
0-0: Ball 1-0: Foul Ball, location: 2F 1-1: Foul Ball, location: 2F 1-2: Ball 2-2: Ball 3-2: Strikes out swinging
|
|
Batting: LHB Davion Lewis
|
0-0: Foul Ball, location: 2F 0-1: Swinging Strike 0-2: Foul Ball, location: 2F 0-2: Strikes out swinging
|
|
Batting: RHB Sesto Carpini
|
0-0: Called Strike 0-1: Fly out, F8 (Flyball, 8LD, EV 100.6 MPH)
|
| Top of the 2nd over - 0 runs, 0 hits, 0 errors, 0 left on base; Durham 0 - Rochester 0 |
| BOTTOM OF THE 2ND |
|
Rochester Red Wings batting - Pitching for Durham Bulls : RHP Larry Bower
|
|
Batting: SHB Manny Molina
|
0-0: Called Strike 0-1: DOUBLE (Groundball, 3L, EV 101.2 MPH)
|
|
Batting: RHB Cyril Husson
|
0-0: Ball 1-0: Ball 2-0: Called Strike 2-1: Swinging Strike 2-2: Foul Ball, location: 2F 2-2: Foul Ball, location: 2F 2-2: Ball 3-2: Ground out 6-3 (Groundball, 6, EV 108.8 MPH)
|
|
Batting: RHB Jason Gee
|
0-0: Ground out 6-3 (Groundball, 56D, EV 83.8 MPH)
|
|
Batting: LHB Tyler Allen
|
0-0: Ball 1-0: Ball 2-0: Called Strike 2-1: Fly out, F9 (Flyball, 89S, EV 86.9 MPH)
|
| Bottom of the 2nd over - 0 runs, 1 hit, 0 errors, 1 left on base; Durham 0 - Rochester 0 |
| TOP OF THE 3RD |
|
Durham Bulls batting - Pitching for Rochester Red Wings : RHP Mike Moon
|
|
Batting: LHB Danny Hull
|
0-0: Fly out, F7 (Flyball, 78S, EV 86.9 MPH)
|
|
Batting: RHB James Huddleston
|
0-0: Foul Ball, location: 2F 0-1: Ground out U3 (Groundball, 34, EV 101.2 MPH)
|
|
Batting: RHB Roberto Aispuro
|
0-0: Ball 1-0: Fly out, F8 (Flyball, 89D, EV 98.8 MPH)
|
| Top of the 3rd over - 0 runs, 0 hits, 0 errors, 0 left on base; Durham 0 - Rochester 0 |
| BOTTOM OF THE 3RD |
|
Rochester Red Wings batting - Pitching for Durham Bulls : RHP Larry Bower
|
|
Batting: LHB Jon Ventura
|
0-0: Swinging Strike 0-1: Ball 1-1: DOUBLE (Line Drive, 8RXD, EV 100.0 MPH)
|
|
Batting: SHB Ian Thompson
|
0-0: Ball 1-0: Ball 2-0: Called Strike 2-1: Fly out, F9 (Line Drive, 89S, EV 88.1 MPH)
|
|
Batting: RHB Leo Gonzalez
|
0-0: Ball 1-0: Ground out 2-3 (Groundball, 13S, EV 64.4 MPH) Jon Ventura to third
|
|
Batting: RHB Colin Boddy
|
0-0: 2-RUN HOME RUN (Flyball, 7D, EV 98.1 MPH), Distance : 385 ft
|
|
Batting: LHB Chaim Huting
|
0-0: Called Strike 0-1: Ground out 6-3 (Groundball, 6MS, EV 69.4 MPH)
|
| Bottom of the 3rd over - 2 runs, 2 hits, 0 errors, 0 left on base; Durham 0 - Rochester 2 |
| TOP OF THE 4TH |
|
Durham Bulls batting - Pitching for Rochester Red Wings : RHP Mike Moon
|
|
Batting: LHB Darryl Gonnella
|
0-0: Fly out, F7 (Flyball, 78S, EV 86.2 MPH)
|
|
Batting: RHB Alex Diaz
|
0-0: Ball 1-0: Ball 2-0: Ball 3-0: Base on Balls
|
|
Batting: LHB Eric Toney
|
0-0: Swinging Strike 0-1: Ball 1-1: Foul Ball, location: 2F 1-2: Fly out, F9 (Flyball, 89M, EV 83.8 MPH)
|
|
Batting: RHB David Ward
|
0-0: Called Strike 0-1: Swinging Strike 0-2: Strikes out swinging
|
| Top of the 4th over - 0 runs, 0 hits, 0 errors, 1 left on base; Durham 0 - Rochester 2 |
| BOTTOM OF THE 4TH |
|
Rochester Red Wings batting - Pitching for Durham Bulls : RHP Larry Bower
|
|
Batting: SHB Manny Molina
|
0-0: Called Strike 0-1: Foul Ball, location: 2F 0-2: Ball 1-2: Strikes out looking
|
|
Batting: RHB Cyril Husson
|
0-0: Ball 1-0: Foul Ball, location: 2F 1-1: Ball 2-1: Foul Ball, location: 2F 2-2: Strikes out looking
|
|
Batting: RHB Jason Gee
|
0-0: Ball 1-0: Ground out U3 (Groundball, 3S, EV 88.8 MPH)
|
| Bottom of the 4th over - 0 runs, 0 hits, 0 errors, 0 left on base; Durham 0 - Rochester 2 |
| TOP OF THE 5TH |
|
Durham Bulls batting - Pitching for Rochester Red Wings : RHP Mike Moon
|
|
Batting: LHB Davion Lewis
|
0-0: Ball 1-0: Called Strike 1-1: Ball 2-1: Called Strike 2-2: Ground out 4-3 (Groundball, 4, EV 83.8 MPH)
|
|
Batting: RHB Sesto Carpini
|
0-0: Ball 1-0: Ball 2-0: Ball 3-0: Base on Balls
|
|
Batting: LHB Danny Hull
|
0-0: SINGLE (Groundball, 25, EV 68.1 MPH) (infield hit) Sesto Carpini to second
|
|
Batting: RHB James Huddleston
|
0-0: Ball 1-0: Ball 2-0: SINGLE (Flyball, 6MD, EV 83.1 MPH) Sesto Carpini to third Danny Hull to second
|
|
Batting: RHB Roberto Aispuro
|
0-0: Called Strike 0-1: Swinging Strike 0-2: Ball 1-2: DOUBLE (Flyball, 8RD, EV 99.4 MPH) Sesto Carpini scores Danny Hull scores James Huddleston to third Runner from 3rd tries for Home, SAFE, no throw by CF
|
|
Batting: LHB Darryl Gonnella
|
0-0: Swinging Strike 0-1: Called Strike 0-2: Strikes out swinging
|
|
Batting: RHB Alex Diaz
|
0-0: Ball 1-0: Swinging Strike 1-1: Ball 2-1: Ball 3-1: Called Strike 3-2: Foul Ball, location: 2F 3-2: Base on Balls
|
|
Batting: LHB Eric Toney
|
0-0: Foul Ball, location: 2F 0-1: Called Strike 0-2: Ball 1-2: Ball 2-2: Ball 3-2: Ground out U3 (Groundball, 3S, EV 89.4 MPH)
|
| Top of the 5th over - 3 runs, 3 hits, 0 errors, 2 left on base; Durham 3 - Rochester 2 |
| BOTTOM OF THE 5TH |
|
Rochester Red Wings batting - Pitching for Durham Bulls : RHP Larry Bower
|
|
Batting: LHB Tyler Allen
|
0-0: Called Strike 0-1: Foul Ball, location: 2F 0-2: Ball 1-2: Strikes out swinging
|
|
Batting: LHB Jon Ventura
|
0-0: Foul Ball, location: 2F 0-1: SINGLE (Groundball, 34D, EV 100.0 MPH)
|
|
Batting: SHB Ian Thompson
|
0-0: Called Strike 0-1: Called Strike Jon Ventura steals 2nd base 0-2: Ground out 4-3 (Groundball, 4, EV 90.0 MPH) Jon Ventura to third
|
|
Batting: RHB Leo Gonzalez
|
0-0: Ball 1-0: Ball 2-0: Ball 3-0: Called Strike 3-1: Foul Ball, location: 2F 3-2: Strikes out swinging
|
| Bottom of the 5th over - 0 runs, 1 hit, 0 errors, 1 left on base; Durham 3 - Rochester 2 |
| TOP OF THE 6TH |
|
Durham Bulls batting - Pitching for Rochester Red Wings : RHP Mike Moon
|
|
Batting: RHB David Ward
|
0-0: Called Strike 0-1: Fly out, F8 (Flyball, 8RXD, EV 86.2 MPH)
|
|
Batting: LHB Davion Lewis
|
0-0: Ball 1-0: Ball 2-0: Ground out 6-3 (Groundball, 6, EV 85.6 MPH)
|
|
Batting: RHB Sesto Carpini
|
0-0: Fly out, F9 (Flyball, 9LS, EV 92.5 MPH)
|
| Top of the 6th over - 0 runs, 0 hits, 0 errors, 0 left on base; Durham 3 - Rochester 2 |
| BOTTOM OF THE 6TH |
|
Rochester Red Wings batting - Pitching for Durham Bulls : RHP Larry Bower
|
|
Batting: RHB Colin Boddy
|
0-0: Fly out, F8 (Line Drive, 8LM, EV 93.1 MPH)
|
|
Batting: LHB Chaim Huting
|
0-0: Ball 1-0: Foul Ball, location: 2F 1-1: Ball 2-1: Ball 3-1: Ground out 6-3 (Groundball, 6M, EV 93.8 MPH)
|
|
Batting: SHB Manny Molina
|
0-0: SINGLE (Line Drive, 6M, EV 98.8 MPH)
|
|
Batting: RHB Cyril Husson
|
0-0: Called Strike 0-1: Called Strike Manny Molina steals 2nd base 0-2: Foul Ball, location: 2F 0-2: Ball 1-2: Ball 2-2: Ball 3-2: Ground out 6-3 (Groundball, 6, EV 81.9 MPH)
|
| Bottom of the 6th over - 0 runs, 1 hit, 0 errors, 1 left on base; Durham 3 - Rochester 2 |
| TOP OF THE 7TH |
|
Durham Bulls batting - Pitching for Rochester Red Wings : RHP Mike Moon
|
|
Batting: LHB Danny Hull
|
0-0: Called Strike 0-1: Ball 1-1: Ball 2-1: Called Strike 2-2: Strikes out swinging
|
|
Batting: RHB James Huddleston
|
0-0: SINGLE (Groundball, 56S, EV 68.1 MPH) (infield hit)
|
|
Batting: RHB Roberto Aispuro
|
0-0: Ball 1-0: Grounds into double play, 6-4-3 (Groundball, 6, EV 110.0 MPH)
|
| Top of the 7th over - 0 runs, 1 hit, 0 errors, 0 left on base; Durham 3 - Rochester 2 |
| BOTTOM OF THE 7TH |
|
Rochester Red Wings batting - Pitching for Durham Bulls : RHP Larry Bower
|
|
Batting: RHB Jason Gee
|
0-0: Ball 1-0: Ball 2-0: Called Strike 2-1: Ground out 3-1 (Groundball, 34, EV 81.9 MPH)
|
|
Batting: LHB Tyler Allen
|
0-0: Swinging Strike 0-1: Fly out, F6 (Popup, 6M, EV 65.0 MPH)
|
|
Batting: LHB Jon Ventura
|
0-0: Ball 1-0: Called Strike 1-1: Ball 2-1: Called Strike 2-2: Ground out 6-3 (Groundball, 6MD, EV 86.9 MPH)
|
| Bottom of the 7th over - 0 runs, 0 hits, 0 errors, 0 left on base; Durham 3 - Rochester 2 |
| TOP OF THE 8TH |
|
Durham Bulls batting - Pitching for Rochester Red Wings : RHP Mike Moon
|
|
Batting: LHB Darryl Gonnella
|
0-0: Foul Ball, location: 2F 0-1: Ball 1-1: Ball 2-1: Ball 3-1: Foul Ball, location: 2F 3-2: Base on Balls
|
|
Batting: RHB Alex Diaz
|
0-0: Ball 1-0: Bunt missed! 1-1: Ball 2-1: Bunted foul 2-2: Ball 3-2: Base on Balls Darryl Gonnella to second
|
|
Batting: LHB Eric Toney
|
0-0: Swinging Strike 0-1: SINGLE (Groundball, 4MD, EV 103.1 MPH) Darryl Gonnella to third Alex Diaz to second Runner from 3rd tries for Home, SAFE, throw by CF to home
|
|
Batting: RHB David Ward
|
0-0: Swinging Strike 0-1: Foul Ball, location: 2F 0-2: Ball Wild Pitch! Alex Diaz to third Eric Toney to second 1-2: SINGLE (Groundball, 4MD, EV 103.1 MPH) Alex Diaz scores Eric Toney to third Runner from 3rd tries for Home, SAFE, throw by CF to home
|
|
Pitching: LHP Josh Gunderson
|
|
|
Batting: LHB Davion Lewis
|
0-0: Called Strike 0-1: Fielders Choice at 2nd, 1-6 (Groundball, P, EV 71.2 MPH)
|
|
Batting: RHB Sesto Carpini
|
0-0: Called Strike 0-1: Ball 1-1: Called Strike Davion Lewis is caught stealing 2nd base 2-4 1-2: Ball 2-2: Ball 3-2: Fly out, F8 (Flyball, 8RM, EV 82.5 MPH)
|
| Top of the 8th over - 3 runs, 2 hits, 0 errors, 0 left on base; Durham 6 - Rochester 2 |
| BOTTOM OF THE 8TH |
|
Rochester Red Wings batting - Pitching for Durham Bulls : RHP Larry Bower
|
|
Batting: SHB Ian Thompson
|
0-0: Ball 1-0: Ball 2-0: Swinging Strike 2-1: Ball 3-1: Called Strike 3-2: Foul Ball, location: 2F 3-2: Foul Ball, location: 2F 3-2: Base on Balls
|
|
Pitching: LHP Sam Wesman
|
|
|
Batting: RHB Leo Gonzalez
|
0-0: Called Strike 0-1: Ball 1-1: Ball 2-1: Ball 3-1: Base on Balls Ian Thompson to second
|
|
Batting: RHB Colin Boddy
|
0-0: Called Strike 0-1: Foul Ball, location: 2F 0-2: Ball 1-2: Ball 2-2: Strikes out swinging
|
|
Batting: LHB Chaim Huting
|
0-0: Called Strike 0-1: Foul Ball, location: 2F 0-2: Foul Ball, location: 2F 0-2: Ball 1-2: Strikes out swinging
|
|
Batting: SHB Manny Molina
|
0-0: Fly out, F7 (Flyball, 7, EV 79.4 MPH)
|
| Bottom of the 8th over - 0 runs, 0 hits, 0 errors, 2 left on base; Durham 6 - Rochester 2 |
| TOP OF THE 9TH |
|
Durham Bulls batting - Pitching for Rochester Red Wings : LHP Josh Gunderson
|
|
Batting: LHB Danny Hull
|
0-0: Called Strike 0-1: Called Strike 0-2: Ball 1-2: Foul Ball, location: 2F 1-2: SINGLE (Line Drive, 34, EV 103.1 MPH)
|
|
Batting: RHB James Huddleston
|
0-0: Bunt missed! 0-1: Ball 1-1: Bunted foul 1-2: Ball 2-2: Fly out, F8 (Flyball, 8RXD, EV 95.0 MPH)
|
|
Batting: RHB Roberto Aispuro
|
0-0: Ball 1-0: Called Strike 1-1: Ball 2-1: Grounds into double play, 4-6-3 (Groundball, 4, EV 83.8 MPH)
|
| Top of the 9th over - 0 runs, 1 hit, 0 errors, 0 left on base; Durham 6 - Rochester 2 |
| BOTTOM OF THE 9TH |
|
Rochester Red Wings batting - Pitching for Durham Bulls : LHP Sam Wesman
|
|
Batting: RHB Cyril Husson
|
0-0: Ball 1-0: Ball 2-0: Ball 3-0: Called Strike 3-1: Base on Balls
|
|
Batting: RHB Jason Gee
|
0-0: Ball 1-0: Ball 2-0: Called Strike 2-1: Ball 3-1: Base on Balls Cyril Husson to second
|
|
Pitching: RHP Cody Wilharm
|
|
|
Batting: LHB Tyler Allen
|
0-0: Called Strike 0-1: Ball 1-1: Swinging Strike 1-2: Ball 2-2: Fielders Choice at 2nd, 1-6 (Groundball, 13, EV 63.1 MPH) Cyril Husson to third
|
|
Batting: LHB Jon Ventura
|
0-0: Ball 1-0: Grounds into double play, 6-4-3 (Groundball, 6M, EV 88.8 MPH)
|
| Bottom of the 9th over - 0 runs, 0 hits, 0 errors, 1 left on base; Durham 6 - Rochester 2 |
|